 Dungeon Crawl Stone Soup version 0.29.0-4-gdea44cf6ec (webtiles) character file.

Game seed: 3269790173945101930

411 qw the Chopper (level 6, -3/37 HPs)
             Began as a Tengu Warper on Aug 28, 2022.
             Slain by an ogre
             ... wielding a +0 giant club
              (16 damage)
             ... on level 5 of the Dungeon.
             The game lasted 00:00:20 (4272 turns).

qw the Chopper (Tengu Warper)                       Turns: 4272, Time: 00:00:21

Health: -3/37      AC:  8    Str: 12 (13) XL:     6   Next: 90%
Magic:  10/10      EV:  2    Int: 11 (14) God:
Gold:   175        SH:  9    Dex: 11 (13) Spells: 9/9 levels left

rFire   . . .      SeeInvis .   Y - +1 hand axe
rCold   + . .      Faith    .   j - +0 tower shield
rNeg    . . .      Spirit   .   n - +0 chain mail
rPois   .          Reflect  .   (helmet restricted)
rElec   .          Harm     .   (no cloak)
rCorr   .          Rampage  .   (no gloves)
Will    .....                   (boots unavailable)
Stlth   ..........              (no amulet)
HPRegen 0.12/turn               a - ring of protection from cold
MPRegen 0.12/turn               (no ring)

@: flying quickly and evasively, quick
A: beak, talons 3, nimble flight
a: no special abilities


You were on level 5 of the Dungeon.
You visited 1 branch of the dungeon, and saw 5 of its levels.

You collected 175 gold pieces.


Innate Abilities, Weirdness & Mutations

You have a beak for a mouth.
You have claws for feet.
Your magical nature lets you fly swiftly and evasively.


   Skills:
 - Level 3.1 Fighting
 - Level 7.3 Axes
 - Level 1.0 Throwing
 - Level 1.1 Armour
 - Level 2.1 Dodging
 + Level 0.0 Shields
 - Level 2.0 Spellcasting
 - Level 2.4 Translocations


You had 9 spell levels left.
You didn't know any spells.
Your spell library contained the following spells:

 Spells                   Type           Power      Damage    Failure   Level
 Blink                    Tloc           12%        N/A       100%        2
 Gell's Gravitas          Tloc           6%         N/A       100%        3
 Lesser Beckoning         Tloc           6%         N/A       100%        3
 Teleport Other           Tloc           6%         N/A       100%        3
 Manifold Assault         Tloc           6%         N/A       100%        5

Inventory:

Hand Weapons
 g - a +0 whip
 Y - a +1 hand axe (weapon)
Missiles
 f - 3 javelins (quivered)
Armour
 j - a +0 tower shield (worn)
 n - a +0 chain mail (worn)
Jewellery
 a - a ring of protection from cold (left hand)
Scrolls
 c - a scroll of identify
Potions
 h - a potion of might
 k - a potion of attraction {unknown}

Dungeon Overview and Level Annotations

Branches:
Dungeon (6/15)
 Temple: D:4-7

Altars:
Wu Jian

Annotations:
D:6 1 runed translucent door, qw's ghost, novice TeWr


Message History

4253 ||| DROPPING potion of magic.
You drop a potion of magic.
4254 ||| DROPPING potion of degeneration.
You drop a potion of degeneration.
(D) Dungeon
Where to? (* - list waypoints, Enter - D:3, ? - help)
What level of the Dungeon? (default 1, ? - help)
You swap places.
There is an open door here.
You swap places.
There is a stone staircase leading up here.
You fly upwards.
Your summoned allies are left behind.
There is a stone staircase leading down here.
Existing waypoints: (1) D:6 (2) D:3 Assign waypoint to what number? (0-9, D - delete waypoint) Waypoint 2 re-assigned from D:3 to D:5.
Found a stone staircase leading up.
(D) Dungeon
Where to? (* - list waypoints, Enter - D:5, ? - help)
What level of the Dungeon? (default 1, ? - help)
An ogre comes into view. It is wielding a +0 giant club.
Throw: 5 javelins
Press: ? - help, Q - select action Shift-Dir - straight line, f - ogre You throw a javelin.
The javelin pierces through the ogre.
The ogre is lightly wounded.
Throw: 4 javelins
Press: ? - help, Q - select action Shift-Dir - straight line, f/p - ogre You throw a javelin.
The javelin pierces through the ogre.
The ogre is moderately wounded.
You hit the ogre but do no damage.
The ogre is moderately wounded.
The ogre hits you with a +0 giant club!!
Ouch! That really hurt!
You hit the ogre. You claw the ogre. You peck the ogre, but do no damage.
The ogre is heavily wounded.
You block the ogre's attack.
You barely miss the ogre. You claw the ogre. Your peck misses the ogre.
The ogre is severely wounded.
The ogre hits you with a +0 giant club!
You die...

.... ###
.... ..###
# ... ....
.. ..# ...
... ..#..
.... ...
..... #.#
......###>#
......O@..#
.<...#.####
(.. #. . ..
... ....
.....
...#..


You could see an ogre.

Vanquished Creatures
  A bullfrog (D:6)
  A scorpion (D:6)
  2 hounds (D:6)
  An orc priest (D:6)
  2 orc wizards (D:6)
  Robin (D:3)
  6 adders
  A white imp (D:3)
  2 worms (D:3)
  A dart slug (D:3)
  2 orcs (D:6)
  4 endoplasms
  A giant cockroach (D:1)
  9 goblins
  4 hobgoblins
  9 jackals
  7 kobolds
  3 quokkas
  7 ball pythons
  4 bats
  2 frilled lizards (D:1)
  6 rats
76 creatures vanquished.

Notes
Turn   | Place    | Note
-------+----------+-------------------------------------------
     0 | D:1      | qw the Tengu Warper began the quest for the Orb.
     0 | D:1      | Reached XP level 1. HP: 12/12 MP: 4/4
     0 | D:1      | 0 ||| qw: Version: 0.1-a-89-g26bdef1
     0 | D:1      | 0 ||| qw: Game counter: 1668
     0 | D:1      | 0 ||| qw: Always use a shield: true
     0 | D:1      | 0 ||| qw: God list: Okawaru
     0 | D:1      | 0 ||| qw: Allow faded altars: false
     0 | D:1      | 0 ||| qw: Do Orc after D:15 true
     0 | D:1      | 0 ||| qw: Do second Lair branch before Depths: true
     0 | D:1      | 0 ||| qw: Lair rune preference: random
     0 | D:1      | 0 ||| qw: Plans: Normal
     0 | D:1      | 0 ||| PLANNING D:1-11
    54 | D:1      | Reached skill level 3 in Axes
    54 | D:1      | Reached XP level 2. HP: 6/17 MP: 6/6
   486 | D:1      | 486 ||| Stepping ~*~*~tactically~*~*~ (stealth).
   487 | D:1      | 487 ||| Stepping ~*~*~tactically~*~*~ (stealth).
   490 | D:1      | 490 ||| Stepping ~*~*~tactically~*~*~ (stealth).
   670 | D:1      | 670 ||| Stepping ~*~*~tactically~*~*~ (stealth).
   672 | D:1      | Reached XP level 3. HP: 21/21 MP: 7/7
   678 | D:1      | 678 ||| Stepping ~*~*~tactically~*~*~ (stealth).
   715 | D:1      | 715 ||| Stepping ~*~*~tactically~*~*~ (stealth).
   741 | D:1      | Reached skill level 4 in Axes
  1021 | D:1      | Found a faded altar of an unknown god.
  1022 | D:1      | 1022 ||| Stepping ~*~*~tactically~*~*~ (stealth).
  1024 | D:1      | 1024 ||| Stepping ~*~*~tactically~*~*~ (stealth).
  1025 | D:1      | 1025 ||| Stepping ~*~*~tactically~*~*~ (stealth).
  1072 | D:1      | 1072 ||| DROPPING +0 club.
  1122 | D:1      | 1122 ||| READING scroll labelled ZISURGHAEKH.
  1123 | D:1      | 1123 ||| DROPPING scroll of blinking.
  1166 | D:2      | 1166 ||| Stepping ~*~*~tactically~*~*~ (hiding).
  1268 | D:2      | 1268 ||| Stepping ~*~*~tactically~*~*~ (hiding).
  1426 | D:2      | Reached XP level 4. HP: 26/26 MP: 8/8
  1598 | D:2      | 1598 ||| Stepping ~*~*~tactically~*~*~ (stealth).
  1794 | D:2      | Reached skill level 5 in Axes
  1831 | D:2      | Found an ornate altar of the Wu Jian Council.
  1851 | D:2      | HP: 6/26 [poisoned by an adder]
  2234 | D:2      | 2234 ||| DROPPING amulet of faith.
  2235 | D:2      | 2235 ||| UPGRADING to ring of protection from cold.
  2236 | D:2      | 2236 ||| READING scroll labelled MABEISHOTZI.
  2237 | D:2      | 2237 ||| READING scroll labelled SAUJU WULAEST.
  2238 | D:2      | 2238 ||| READING scroll labelled ERESEL HURGH.
  2386 | D:2      | 2386 ||| DRINKING 2 murky ruby potions.
  2458 | D:3      | Noticed Robin
  2471 | D:3      | Killed Robin
  2734 | D:3      | 2734 ||| Stepping ~*~*~tactically~*~*~ (hiding).
  2880 | D:3      | 2880 ||| FLEEEEING.
  2881 | D:3      | 2881 ||| FLEEEEING.
  2882 | D:3      | 2882 ||| FLEEEEING.
  2886 | D:3      | 2886 ||| STAIRDANCE
  2982 | D:2      | 2982 ||| UPGRADING to +0 ring mail.
  2992 | D:2      | 2992 ||| DROPPING +0 leather armour.
  2993 | D:2      | 2993 ||| UPGRADING to +0 scale mail.
  3003 | D:2      | 3003 ||| DROPPING +0 ring mail.
  3013 | D:3      | Gained mutation: Your magical nature lets you fly swiftly
                  | and evasively. [Tengu growth]
  3013 | D:3      | Reached XP level 5. HP: 22/30 MP: 9/9
  3173 | D:3      | 3173 ||| Stepping ~*~*~tactically~*~*~ (stealth).
  3174 | D:3      | 3174 ||| Stepping ~*~*~tactically~*~*~ (stealth).
  3449 | D:3      | You are sucked into a shaft and drop 3 floors!
  3465 | D:6      | Reached skill level 6 in Axes
  3569 | D:6      | Reached skill level 7 in Axes
  3569 | D:6      | Reached XP level 6. HP: 14/35 MP: 10/10
  3770 | D:6      | Found a runed translucent door.
  3770 | D:6      | Noticed qw's ghost (novice TeWr)
  3949 | D:6      | 3949 ||| Stepping ~*~*~tactically~*~*~ (hiding).
  3951 | D:6      | 3951 ||| Stepping ~*~*~tactically~*~*~ (hiding).
  3973 | D:6      | Reached skill level 3 in Fighting
  3981 | D:6      | HP: 9/37 [hound (3)]
  3986 | D:6      | HP: 9/37 [hound (1)]
  4230 | D:6      | 4230 ||| UPGRADING to +0 tower shield.
  4235 | D:6      | 4235 ||| UPGRADING to +0 chain mail.
  4245 | D:6      | 4245 ||| DROPPING +0 scale mail.
  4246 | D:6      | 4246 ||| READING scroll labelled HUUNA CIMI HEI.
  4247 | D:6      | 4247 ||| READING 3 scrolls labelled TUGIAMO KUKK.
  4248 | D:6      | 4248 ||| READING 2 scrolls labelled TUATTU KETWIODGH.
  4249 | D:6      | 4249 ||| READING scroll labelled WAOTHRO NAAWN.
  4250 | D:6      | 4250 ||| DRINKING 2 fuming puce potions.
  4251 | D:6      | 4251 ||| READING 2 scrolls of identify.
  4251 | D:6      | 4251 ||| IDENTIFYING fuming golden potion
  4252 | D:6      | 4252 ||| DROPPING scroll of fear.
  4253 | D:6      | 4253 ||| DROPPING potion of magic.
  4254 | D:6      | 4254 ||| DROPPING potion of degeneration.
  4263 | D:5      | Entered Level 5 of the Dungeon
  4272 | D:5      | Slain by an ogre

Levels and vault maps discovered:
D:1:      roderic_octagonal_star, layout_rooms,
          hellmonk_ecumenical_altar_run_dry, minmay_misc_feat_alley,
          st_stairs_10
D:2:      layout_basic, basic_altar, grunt_decor_resistance
D:3:      layout_basic, gammafunk_temple_overflow_wave, minmay_unequal,
          uniq_ijyb, uniq_robin
D:5:      black_bear_nest_1, layout_cave_pools, tso_altar,
          nemelex_diamond_rough_becter
D:6:      layout_basic, gammafunk_ghost_grave

Skill      XL: |  1  2  3  4  5  6 |
---------------+-------------------+-----
Axes           | 3 4 5 7 |  7.3
Fighting       | 3 |  3.1
Throwing       | |  1.0
Armour         | |  1.1
Dodging        | |  2.1
Spellcasting   | |  2.0
Translocations | |  2.4

Action                   |  1- 3 |  4- 6 || total
-------------------------+-------+-------++-------
Melee: Hand axe          |    52 |   116 ||   168
       Kick              |    16 |    30 ||    46
       Peck              |     4 |    17 ||    21
       Punch             |       |     2 ||     2
Throw: Boomerang         |     7 |       ||     7
       Javelin           |    24 |    37 ||    61
  Use: Scroll            |     1 |     8 ||     9
       Potion            |       |     2 ||     2
Armor: Leather armour    |     9 |     3 ||    12
       Scale mail        |       |    27 ||    27
Dodge: Dodged            |    28 |    51 ||    79
Block: Tower shield      |       |     1 ||     1

Table legend:
 A = Non-vault XP
 B = Vault XP
 C = Vault XP percentage of total XP
 D = Non-vault monster count
 E = Vault monster count
 F = Vault count percentage of total count
                 A         B        C        D         E       F
            +---------+---------+-------+---------+---------+-------
      Total |     560 |      28 |   4.8 |      68 |       8 |  10.5
            +---------+---------+-------+---------+---------+-------
        D:1 |      57 |       1 |   1.7 |      34 |       1 |   2.9
        D:2 |      70 |       0 |   0.0 |      12 |       0 |   0.0
        D:3 |      62 |      27 |  30.3 |      13 |       7 |  35.0
        D:6 |     371 |       0 |   0.0 |       9 |       0 |   0.0
            +---------+---------+-------+---------+---------+-------
